 Dungeon Crawl Stone Soup version 0.30-a0-758-gc2c871d025 (webtiles) character file.

Game seed: 14288412057518985172

3497 DEFE the Cleaver (level 10, 0/67 HPs)
             Began as a Djinni Berserker on Feb 10, 2023.
             Was a Priest of Trog.
             Slain by Urug
             ... wielding a +2 broad axe of freezing
              (3 damage)
             ... on level 10 of the Dungeon.
             The game lasted 00:07:15 (7104 turns).

DEFE the Cleaver (Djinni Berserker)                 Turns: 7104, Time: 00:07:16

Health: 0/67       AC: 12    Str: 20    XL:     10   Next: 28%
Gold:   393        EV: 15    Int: 10    God:    Trog [***...] SH:  0 Dex: 12

rFire   + + +      SeeInvis .    p - +1 dagger (elec)
rCold   x . .      Faith    .    (no shield)
rNeg    . . .      Spirit   .    r - +4 scale mail {rF+}
rPois   ∞          Reflect  .    t - +1 helmet
rElec   .          Harm     .    (no cloak)
rCorr   .          Rampage  .    (no gloves)
Will    ++++.                    (boots unavailable) Stlth
                                 g - amulet of regeneration
HPRegen 2.11/turn                J - ring of willpower
MPRegen 0.00/turn                I - +5 ring of evasion

@: strong-willed (expiring), on berserk cooldown, flying, regenerating
(expiring), slowed, very slow
A: sickness immunity, fire resistance 2, cold vulnerability 1, float, innate
caster, HP casting, extra vitality 1
a: Renounce Religion, Berserk, Trog's Hand


You were on level 10 of the Dungeon.
You worshipped Trog.
Trog was most pleased with you.
You visited 2 branches of the dungeon, and saw 11 of its levels.

You collected 393 gold pieces.

Inventory:

Hand Weapons
 a - a +0 hand axe
 p - a +1 dagger of electrocution (weapon)
 E - a +1 short sword of venom
 N - a +3 heavy hand axe
Missiles
 z - 3 curare-tipped darts (quivered)
Armour
 b - a +0 animal skin
 r - a +4 scale mail of fire resistance (worn)
 t - a +1 helmet (worn)
 K - a +2 hat of stealth
 O - +0 acid dragon scales
Jewellery
 g - an amulet of regeneration (around neck)
 I - a +5 ring of evasion (right hand)
 J - a ring of willpower (left hand)
Wands
 q - a wand of polymorph (7)
 A - a wand of iceblast (3)
Scrolls
 c - a scroll of magic mapping
 d - 2 scrolls of poison
 e - a scroll of immolation
 f - a scroll of butterflies {unknown}
 j - 2 scrolls of torment
 o - a scroll of amnesia {unknown}
 s - 2 scrolls of fog {unknown}
 x - 2 scrolls of blinking {unknown}
 y - a scroll of fear {unknown}
 C - 3 scrolls of teleportation {unknown}
 D - a scroll of vulnerability
 F - a scroll of enchant armour
 H - 3 scrolls of brand weapon
 P - a scroll of enchant weapon {unknown}
Potions
 h - 2 potions of lignification {unknown}
 i - 2 potions of degeneration {unknown}
 k - 2 potions of mutation {unknown}
 l - a potion of curing
 m - 4 potions of heal wounds {unknown}
 n - 4 potions of flight {unknown}
 u - a potion of might {unknown}
 v - a potion of attraction {unknown}
 w - a potion of magic {unknown}
 B - a potion of resistance {unknown}
 G - a potion of ambrosia {unknown}
 L - 2 potions of brilliance {unknown}
 M - a potion of haste {unknown}


   Skills:
 - Level 3.0 Fighting
 + Level 12.0 Axes
 - Level 2.0 Armour
 - Level 2.1 Dodging


You couldn't memorise any spells.
You knew the following spells:

 Your Spells              Type           Power      Damage    Failure   Level
a - Slow                  Hex            0%         N/A       73%         1
b - Ensorcelled Hibernat  Hex/Ice        0%         N/A       86%         2
c - Inner Flame           Hex/Fire       0%         N/A       97%         3
d - Olgreb's Toxic Radia  Pois           0%         N/A       100%        4
Your spell library was empty.


Dungeon Overview and Level Annotations

Branches:
Dungeon (11/15)            Temple (1/1) D:7
   Lair: D:8-11         Orc: D:9-12

Altars:
Ashenzari
Cheibriados
Dithmenos
Elyvilon
Fedhas
Gozag
Hepliaklqana
Makhleb
Nemelex Xobeh
Okawaru
Qazlal
Ru
Trog
Uskayaw
Wu Jian
Xom
Yredelemnul
Zin
The Shining One

Shops:
D:3 ?   D:6 !

Annotations:
D:3 3 runed translucent doors, Mlamla's ghost, amateur MeFi
D:8 2 transporters, confidenceinterval's ghost, novice DsHu
D:10 Urug


Innate Abilities, Weirdness & Mutations

You are immune to sickness and miasma.
You are immune to poison.
Your flesh is very heat resistant. (rF++)
You are vulnerable to cold. (rC-)
You float through the air rather than walking.
You learn spells naturally, not from books.
Your magical power is your life essence.
You have superior vitality. (+4 MHP)


Message History

You regained 2 hp, and now have 45/100 hp.
Unknown command.
You completely miss Urug. You hit Urug but do no damage.
Urug hits you with a +2 broad axe of freezing!!
* * * LOW HITPOINT WARNING * * *
Urug freezes you!
* * * LOW HITPOINT WARNING * * *
You take 27 damage, and have 19/100 hp.
MASSIVE DAMAGE!!
You closely miss Urug.
Unknown command.
You hit Urug but do no damage. Urug closely misses you.
Unknown command.
You hit Urug but do no damage.
Urug zaps a wand.
You resist with almost no effort.
The now-empty wand crumbles to dust.
You hit Urug but do no damage.
You are no longer berserk.
You are exhausted.
You feel yourself slow down.
You now have 16/67 hp.
Unknown command.
Okay, then.
Okay, then.
Okay, then.
Okay, then.
Throw: 4 darts (curare)
Aim: Urug, wielding a +2 broad axe of freezing, wearing a +1 scale mail of cold resistance and quivering silver javelins (heavily wounded, 50% to hit)
You throw a curare-tipped dart.
The curare-tipped dart barely misses Urug.
You feel the effects of Trog's Hand fading.
Urug hits you with a +2 broad axe of freezing!
* * * LOW HITPOINT WARNING * * *
Urug freezes you.
* * * LOW HITPOINT WARNING * * *
Urug hits you with a +2 broad axe of freezing.
* * * LOW HITPOINT WARNING * * *
Urug freezes you.
You die...

#....(......
#............
.........#..
###..........
#.#........##
##.#.........#
#......o....##
#....#@.....#
#....#.....##
#........###
##..>.....#
#....#......
###.##...#...
### ...##..
##.# .. .#


You could see Urug.

Vanquished Creatures
  Grinder (D:3)
  A hornet (D:8)
  A fire bat (D:7)
  Menkaure (D:7)
  An acid dragon (D:8)
  2 water moccasins
  Pargi (D:3)
  An orc warrior (D:8)
  An ice beast (D:5)
  3 sky beasts
  A black bear (D:6)
  3 ogres (D:6)
  3 centaurs
  A necrophage (D:8)
  2 bullfrogs
  3 scorpions (D:6)
  3 wights (D:7)
  4 killer bees (D:8)
  2 hounds
  A jelly (D:8)
  An orc priest (D:7)
  Terence (D:2)
  3 iguanas
  8 orc wizards
  Robin (D:3)
  7 adders
  2 white imps
  3 ufetubi
  2 worms
  5 dart slugs
  29 orcs
  8 bats
  3 endoplasms
  3 giant cockroaches
  18 goblins
  7 hobgoblins
  4 jackals (D:2)
  3 quokkas
  5 ball pythons
  3 kobolds
  4 rats
156 creatures vanquished.

Vanquished Creatures (others)
  4 plants (D:8)
4 creatures vanquished.

Grand Total: 160 creatures vanquished

Notes
Turn   | Place    | Note
-------+----------+-------------------------------------------
     0 | D:1      | DEFE the Djinni Berserker began the quest for the Orb.
     0 | D:1      | Reached XP level 1. HP: 20/20 MP: 0/0
   102 | D:1      | Found a faded altar of an unknown god.
   355 | D:1      | Reached XP level 2. HP: 25/25 MP: 0/0
   413 | D:1      | Reached skill level 3 in Axes
  1173 | D:1      | Reached XP level 3. HP: 30/30 MP: 0/0
  1173 | D:1      | Learned a level 1 spell: Slow
  1578 | D:2      | Noticed Terence
  1593 | D:2      | Killed Terence
  1594 | D:2      | Reached skill level 4 in Axes
  1594 | D:2      | Reached XP level 4. HP: 35/35 MP: 0/0
  1918 | D:3      | Noticed Robin
  1927 | D:3      | Reached ** piety under Trog
  1941 | D:3      | Reached XP level 5. HP: 34/40 MP: 0/0
  1941 | D:3      | Learned a level 2 spell: Ensorcelled Hibernation
  1973 | D:3      | Killed Robin
  2108 | D:3      | Noticed Pargi
  2126 | D:3      | Killed Pargi
  2127 | D:3      | Reached skill level 5 in Axes
  2127 | D:3      | Reached XP level 6. HP: 42/46 MP: 0/0
  2242 | D:3      | Found Copaj's Magic Scroll Emporium.
  2356 | D:3      | Noticed Grinder
  2362 | D:3      | Paralysed by Grinder for 2 turns
  2381 | D:3      | Killed Grinder
  2382 | D:3      | Reached skill level 6 in Axes
  2382 | D:3      | Reached XP level 7. HP: 23/50 MP: 0/0
  2382 | D:3      | Learned a level 3 spell: Inner Flame
  2424 | D:3      | Found a runed translucent gate.
  2424 | D:3      | Found a runed translucent gate.
  2426 | D:3      | Found a runed translucent gate.
  2426 | D:3      | Found an opulent altar of Gozag.
  2429 | D:3      | Noticed Mlamla's ghost (amateur MeFi)
  2588 | D:3      | Found a bloodstained altar of Trog.
  2588 | D:3      | Found a snail-covered altar of Cheibriados.
  2588 | D:3      | Found a hazy altar of Hepliaklqana.
  2588 | D:3      | Found a shimmering altar of Xom.
  2597 | D:3      | Found a sacrificial altar of Ru.
  2602 | D:3      | Found a shadowy altar of Dithmenos.
  3591 | D:5      | Entered Level 5 of the Dungeon
  3608 | D:5      | Reached skill level 7 in Axes
  3689 | D:5      | Reached XP level 8. HP: 37/56 MP: 0/0
  3930 | D:5      | Reached *** piety under Trog
  4094 | D:5      | Reached skill level 8 in Axes
  4465 | D:6      | Found a blossoming altar of Fedhas.
  4666 | D:6      | Reached skill level 9 in Axes
  4669 | D:6      | Reached XP level 9. HP: 60/60 MP: 0/0
  4669 | D:6      | Learned a level 4 spell: Olgreb's Toxic Radiance
  5105 | D:6      | Found Vyigojai's Distillery.
  5242 | D:6      | Reached skill level 10 in Axes
  5369 | D:7      | Noticed Menkaure
  5379 | D:7      | Killed Menkaure
  5634 | D:7      | Found a staircase to the Ecumenical Temple.
  6329 | Temple   | Entered the Ecumenical Temple
  6501 | D:8      | Reached skill level 11 in Axes
  6554 | D:8      | Reached XP level 10. HP: 67/67 MP: 0/0
  6846 | D:8      | Found a transporter.
  6940 | D:8      | Found a transporter.
  6956 | D:8      | Reached skill level 12 in Axes
  6978 | D:8      | Noticed confidenceinterval's ghost (novice DsHu)
  7059 | D:8      | You are sucked into a shaft and drop 3 floors!
  7079 | D:10     | Entered Level 10 of the Dungeon
  7080 | D:10     | Noticed Urug
  7104 | D:10     | HP: 3/67 [Urug/+2 broad axe of freezing (5)]
  7104 | D:10     | Slain by Urug

Illustrated notes

Levels and vault maps discovered:
D:1:      evilmike_arrival_rings, layout_basic,
          shapermc_ecumenical_altar_mp_ritualfount
D:2:      layout_basic, uniq_terence
D:3:      layout_loops_cross, minmay_overflow_temple_hex, serial_shops,
          nicolae_shop_advertising_works [nicolae_subvault_shop_adworks],
          ebering_ghost_gozag, uniq_robin, uniq_grinder, uniq_pargi
D:4:      layout_basic
D:5:      layout_gridville
D:6:      layout_loops_ring, fedhas_bush_and_centaur_altar, serial_shops,
          nicolae_shop_hallway_stairs, st_stairs_9
D:7:      layout_loops_ring, temple_green, uniq_menkaure
D:8:      layout_basic, gammafunk_ghost_gnarly_gnolls
D:10:     layout_cave_pools, hellmonk_lair_entry_icy, david_orc_2, serial_shops,
          shop, uniq_urug, uniq_gastronok
D:11:     layout_grid_maze, nicolae_water_bricks
Temple:   eino_wide_crystal_templ

Skill      XL: |  1  2  3  4  5  6  7  8  9 10 |
---------------+-------------------------------+-----
Axes           | 3 4 5 6 7 9 11 12 | 12.0
Fighting       | |  3.0
Armour         | |  2.0
Dodging        | |  2.1

Action                     |  1- 3 |  4- 6 |  7- 9 | 10-12 || total
---------------------------+-------+-------+-------+-------++-------
  Melee: Hand axe          |    77 |       |       |       ||    77
         Dagger            |    21 |   134 |   441 |    16 ||   612
         Punch             |     1 |     2 |     1 |     1 ||     5
         Short sword       |       |       |    20 |    99 ||   119
  Throw: Dart              |       |       |       |     2 ||     2
 Invoke: Berserk           |     1 |       |     9 |     2 ||    12
         Trog's Hand       |       |       |     2 |     1 ||     3
  Evoke: Wand              |       |       |     3 |       ||     3
    Use: Scroll            |       |     3 |     3 |     1 ||     7
   Stab: Sleeping          |     1 |       |       |       ||     1
 Armour: Animal skin       |    15 |       |       |       ||    15
         Scale mail        |       |   113 |   317 |    43 ||   473
  Dodge: Dodged            |    65 |    67 |   267 |    81 ||   480

Table legend: (Time is in decaauts)
 A = Elapsed time spent in this place.
 B = Non-inter-level travel time spent in this place.
 C = Inter-level travel time spent in this place.
 D = Time resting spent in this place.
 E = Time spent auto-exploring this place.
 F = Levels seen in this place.
 G = Mean time per level.
                   A        B        C        D        E       F      G
               +--------+--------+--------+--------+--------+-----+--------+
         Total |   7199 |   6953 |    246 |    823 |   4716 |  11 |  654.5 |
       Dungeon |   7126 |   6901 |    225 |    823 |   4676 |  10 |  712.6 |
        Temple |     72 |     51 |     21 |      0 |     40 |   1 |   72.0 |
               +--------+--------+--------+--------+--------+-----+--------+

Top non-repeatable levels by time:
     D:1: 1227 daAuts
     D:6: 1046 daAuts
     D:7: 1010 daAuts
     D:3: 918 daAuts
     D:4: 855 daAuts
     D:5: 757 daAuts
     D:8: 664 daAuts
     D:2: 606 daAuts
  Temple: 72 daAuts
    D:11: 19 daAuts
    D:10: 18 daAuts
